Unix NetHack Version 3.7.0-66 Work-in-progress - last build Nov 25 2022 02:21:47 (a67c8fbd212c6e9cfe3af09653023564b5ba1bad,branch:master). Game began 2022-12-01 08:39:09, ended 2022-12-01 08:48:50. elenmirie, neutral female gnomish Healer ---- ---- |..-- ---..| |%..| ---- ---.....| --..----..----------....#--.--- .-- ----- ..*.). ............-#-#0|*..- -..- --.*.| -.. .*.........-------# --... --....--..^.- |... .....)...-- --.# ... ..... ........ -@.. ..... |...............*>.........- .... ... |..........................- ...-- -........=..........--.---.. |...| .....- |..............| |.|.| --.... ...*..- |........-----.-- |.--- --..... #.....#-... ----..---- |..| |....|...-##- --....-- -..-- --.| ----...-- * .....--- |...-- --.| ...-- 0### ..... --....| |..| *##*##....... --...| |..| 0###....... --..| ---- *#*#.---.- |..| ---- Elenmirie the Rhizotomist St:11 Dx:8 Co:13 In:12 Wi:16 Ch:16 Neutral Dlvl:3 $:1885 HP:0(19) Pw:2(2) AC:8 Xp:1/12 T:1776 Latest messages: Are you sure you want to pray? [yn] (n) y You begin praying to Hermes. You are surrounded by a shimmering light. Yermak drops a yellowish brown gem. You hear crashing rock. You finish your prayer. You feel that Hermes is well-pleased. Your stomach feels content. You see here 3 daggers. t - 3 daggers (6 in total). You hear crashing rock. You hear crashing rock. You see here a yellowish brown gem. You hear some noises in the distance. You see here a ruby ring. w - a ruby ring. You see here a violet gem. You hear crashing rock. Yermak misses the lichen. You hear some noises. You try to move the boulder, but in vain. Yermak misses the dwarf. The bat bites! The bat bites! The bat bites! The bat just misses! The bat bites! The bat bites! The bat bites! The bat bites! Yermak misses the bat. The bat bites! Yermak bites the bat. The bat is killed! You see here 6 rocks. You hear crashing rock. You hear some noises in the distance. The gecko bites! The gecko bites! The gecko bites! You find a falling rock trap. The gecko bites! There is a falling rock trap here. A trap door in the ceiling opens and a rock falls on your head! You die... Do you want your possessions identified? [ynq] (y) y Do you want to see your attributes? [ynq] (y) y Do you want an account of creatures vanquished? [ynaq] (y) y Do you want to see your conduct and achievements? [ynq] (y) y Do you want to see the dungeon overview? [ynq] (y) y Inventory: Coins $ - 1885 gold pieces Amulets n - an uncursed amulet of magical breathing (being worn) Weapons t - 6 uncursed +0 daggers a - an uncursed +0 scalpel (weapon in hand) Armor b - a blessed +1 pair of leather gloves (being worn) s - an uncursed +0 dwarvish cloak (being worn) Comestibles k - 6 uncursed apples Scrolls m - an uncursed scroll of confuse monster v - a cursed scroll of teleportation Spellbooks i - a blessed spellbook of extra healing h - a blessed spellbook of healing j - a blessed spellbook of stone to flesh Potions l - a cursed potion of blindness u - 3 uncursed potions of extra healing d - 2 uncursed potions of healing o - an uncursed potion of levitation Rings w - an uncursed ring of invisibility p - an uncursed ring of slow digestion Wands q - an uncursed wand of nothing (0:8) g - an uncursed wand of sleep (0:4) Tools e - an uncursed skeleton key P - an uncursed stethoscope Elenmirie the Healer's attributes: Background: You were a Rhizotomist, a level 1 female gnomish Healer. You were neutral, on a mission for Hermes who was opposed by Athena (lawful) and Poseidon (chaotic). You were in the Gnomish Mines, on level 3. You entered the dungeon 1776 turns ago. You had 12 experience points, 8 more were needed to attain level 2. Basics: You had 0 out of 19 hit points. You had both energy points (spell power). Your armor class was 8. Your wallet contained 1885 zorkmids. Autopickup was on for '$' plus thrown. Final Characteristics: Your strength was 11 (limit:18/50). Your dexterity was 8 (limit:18). Your constitution was 13 (limit:18). Your intelligence was 12 (limit:19). Your wisdom was 16 (limit:18). Your charisma was 16 (limit:18). Final Status: You were not hungry. You were unencumbered. You were wielding a knife. You had basic skill with knife. Final Attributes: You were devoutly aligned. You were poison resistant. You had infravision. You could survive without air. You were warded. You are dead. Miscellaneous: You never encountered a bones level. Total elapsed playing time was 9 minutes and 33 seconds. Major events: Turn 1: elenmirie the neutral female gnomish Healer entered the dungeon 242: entered the Gnomish Mines 1776: killed by a falling rock Vanquished creatures: 2 dwarves 2 hill orcs an acid blob 4 hobbits a large kobold 2 giant rats a brown mold a yellow mold a green mold 4 gnomes a gnome zombie 3 geckos 3 jackals a goblin a bat a lichen 2 kobold zombies 7 newts 38 creatures vanquished. No species were genocided or became extinct. Voluntary challenges: You went without food. You were illiterate. You never engraved Elbereth. You never genocided any monsters. You never polymorphed an object. You never changed form. You used no wishes. Achievement: You entered the Gnomish Mines. The Dungeons of Doom: levels 1 to 2 Level 1: A fountain. Level 2: A fountain. Stairs down to The Gnomish Mines. The Gnomish Mines: levels 3 to 5 Level 3: <- You were here. Final resting place for you, killed by a falling rock. Level 4: Level 5: A fountain. Game over: ---------- / \ / REST \ / IN \ / PEACE \ / \ | elenmirie | | 1885 Au | | killed by a | | falling rock | | | | | | 2022 | *| * * * | * _________)/\\_//(\/(/\)/\//\/|_)_______ Goodbye elenmirie the Healer... You died in The Gnomish Mines on dungeon level 3 with 267 points, and 1885 pieces of gold, after 1776 moves. You were level 1 with a maximum of 19 hit points when you died.